 Dungeon Crawl Stone Soup version 0.28-a0-8-g6e044cfa68 (webtiles) character file.

Game seed: 474582539942587494

123 Zonian the Skirmisher (level 4, -3/40 HPs)
             Began as a Draconian Wanderer on July 24, 2021.
             Was an Initiate of Dithmenos.
             Slain by an iron imp (9 damage)
             ... summoned by Natasha
             ... on level 3 of the Dungeon.
             The game lasted 00:04:28 (2580 turns).

Zonian the Skirmisher (Draconian Wanderer)          Turns: 2580, Time: 00:04:28

Health: -3/40      AC:  5    Str: 14    XL:     4   Next: 80%
Magic:  8/8        EV: 10    Int: 20    God:    Dithmenos [......]
Gold:   144        SH:  3    Dex: 10    Spells: 7/8 levels left

rFire   . . .      SeeInvis .   c - +0 whip (venom)
rCold   . . .      Faith    .   j - +0 buckler
rNeg    . . .      Spirit   .   (armour unavailable)
rPois   .          Reflect  .   (helmet restricted)
rElec   .          Harm     .   (no cloak)
rCorr   .          Rampage  .   (no gloves)
Will    .....                   (no boots)
Stlth   +.........              (no amulet)
HPRegen 0.13/turn               h - +6 ring of intelligence
MPRegen 0.11/turn               (no ring)

@: no status effects
A: AC +5, unfitting armour, cold-blooded
a: Renounce Religion


You were on level 3 of the Dungeon.
You worshipped Dithmenos.
Dithmenos was noncommittal.
You visited 1 branch of the dungeon, and saw 3 of its levels.

You collected 144 gold pieces.

Inventory:

Hand Weapons
 a - a +0 hand axe
 c - a +0 whip of venom (weapon)
 d - a +2 hand axe of electrocution
Missiles
 b - 44 sling bullets
Armour
 j - a +0 buckler (worn)
Jewellery
 h - a +6 ring of intelligence (left hand)
Scrolls
 k - a scroll of fog
 l - a scroll of magic mapping {unknown}
Potions
 e - a potion of degeneration {unknown}
 f - a potion of berserk rage {unknown}
 g - 3 potions of curing {unknown}
 i - 2 potions of brilliance {unknown}


   Skills:
 + Level 4.0 Fighting
 * Level 1.8 Maces & Flails
 - Level 1.0 Throwing
 + Level 2.7 Spellcasting
 + Level 1.7 Conjurations
 - Level 2.0 Summonings
 - Level 1.0 Translocations
 + Level 1.7 Air Magic
 - Level 1.0 Evocations


You had 7 spell levels left.
You knew the following spells:

 Your Spells              Type           Power      Damage    Failure   Level
a - Shock                 Conj/Air       36%        1d5       12%         1

Your spell library contained the following spells:

 Spells                   Type           Power      Damage    Failure   Level
 Summon Small Mammal      Summ           40%        N/A       11%         1
 Call Imp                 Summ           10%        N/A       16%         2
 Blink                    Tloc           N/A        N/A       24%         2
 Call Canine Familiar     Summ           10%        N/A       32%         3
 Swiftness                Air            9%         N/A       36%         3
 Lesser Beckoning         Tloc           3%         N/A       43%         3
 Summon Guardian Golem    Hex/Summ       6%         N/A       43%         3
 Summon Lightning Spire   Summ/Air       10%        N/A       75%         4
 Manifold Assault         Tloc           6%         N/A       99%         5


Dungeon Overview and Level Annotations

Branches:
Dungeon (3/15)

Altars:
Dithmenos

Annotations:
D:3 Natasha


Innate Abilities, Weirdness & Mutations

Your plain brown scales are hard. (AC +5)
You cannot fit into any form of body armour.
You are cold-blooded and may be slowed by cold attacks.


Message History

Your tail-slap misses the giant cockroach.
The giant cockroach is heavily wounded.
You kill the giant cockroach!
Dithmenos accepts your kill.
No target in view!
No target in view!
Unknown command.
Found 13 stones.
Found a ring mail.
Unknown command.
Natasha, Servant of Life and Death comes into view.
Natasha is nearby!
Unknown command.
Natasha mumbles some strange words.
Natasha claws you.
You hit the iron imp.
The iron imp is lightly wounded.
Natasha closely misses you. The iron imp closely misses you.
You hit the iron imp but do no damage.
The iron imp is poisoned.
The iron imp is lightly wounded.
You block Natasha's attack. The iron imp hits you.
Unknown command.
You hit Natasha.
Natasha is moderately wounded.
Natasha barely misses you. The iron imp hits you.
You hit Natasha but do no damage.
Natasha is poisoned.
Natasha is moderately wounded.
Natasha closely misses you. The iron imp hits you. Natasha claws you.
You barely miss Natasha.
Natasha is heavily wounded.
The iron imp hits you! Natasha casts a spell at you. The magic dart hits you!
* * * LOW HITPOINT WARNING * * *
You barely miss Natasha.
Natasha is severely wounded.
Natasha claws you.
* * * LOW HITPOINT WARNING * * *
The iron imp hits you!
You die...

#..........# ........[.#########
#..........# #...................
#..†.......# #...................
##...<....####...................
##......................<........
#..........#####.................
#...........##.#..##.............
#...........##.5.h#...#..........
#...............@...#.#..........
#............)...####...#####....
##.........###...######.# ##...
##..................###.######...
.................................
....(..............#......#######
........†............#.##.#......
...#................#.......###..
...#...........<......###........


You could see an iron imp (summoned, very poisoned) and Natasha (very poisoned).

Vanquished Creatures
  A bullfrog skeleton (D:3)
  Natasha (D:3)
  A gnoll (D:1)
  An adder (D:2)
  A worm (D:2)
  3 dart slugs
  An orc (D:3)
  4 ball pythons
  3 endoplasms (D:1)
  3 giant cockroaches
  2 goblins (D:2)
  6 hobgoblins
  2 jackals (D:1)
  4 kobolds
  3 quokkas
  2 bats (D:3)
  3 rats
41 creatures vanquished.

Notes
Turn   | Place    | Note
-------+----------+-------------------------------------------
     0 | D:1      | Zonian the Draconian Wanderer began the quest for the Orb.
     0 | D:1      | Zonian set off with the following items: a +0 hand axe; and
                  | the following spells available to memorise: Summon Small
                  | Mammal, Call Imp, Shock, Call Canine Familiar, Summon
                  | Guardian Golem, Swiftness, Summon Lightning Spire
     0 | D:1      | Reached XP level 1. HP: 19/19 MP: 3/3
     2 | D:1      | Learned a level 1 spell: Shock
   507 | D:1      | Reached XP level 2. HP: 23/26 MP: 5/5
   990 | D:1      | Reached skill level 1 in Conjurations
   990 | D:1      | Reached skill level 1 in Air Magic
  1056 | D:1      | Reached XP level 3. HP: 25/31 MP: 6/6
  1579 | D:2      | Found a shadowy altar of Dithmenos.
  1597 | D:2      | Became a worshipper of Dithmenos the Shadowed
  2038 | D:3      | Reached skill level 1 in Maces & Flails
  2130 | D:3      | Reached XP level 4. HP: 33/40 MP: 7/7
  2291 | D:3      | Noticed Natasha
  2301 | D:3      | Killed Natasha
  2302 | D:3      | Reached skill level 4 in Fighting
  2328 | D:3      | Found a faded altar of an unknown god.
  2567 | D:3      | Noticed Natasha
  2580 | D:3      | Slain by an iron imp

Illustrated notes

Levels and vault maps discovered:
D:1:      scummos_arrival_forest, layout_rooms, corner_web_ring
D:2:      layout_loops_cross, basic_altar
D:3:      layout_rooms, hellmonk_ecumenical_altar_lost_god, uniq_natasha

Skill      XL: |  1  2  3  4 |
---------------+-------------+-----
Conjurations   | 1 |  1.7
Air Magic      | 1 |  1.7
Maces & Flails | 1 |  1.8
Fighting       | 4 |  4.0
Throwing       | |  1.0
Spellcasting   | |  2.7
Summonings     | |  2.0
Translocations | |  1.0
Evocations     | |  1.0

Action                   |  1- 3 |  4- 6 || total
-------------------------+-------+-------++-------
Melee: Hand axe          |    13 |     5 ||    18
       Tailslap          |    17 |       ||    17
       Whip              |    83 |    20 ||   103
  Use: Scroll            |     5 |       ||     5
       Potion            |     1 |       ||     1
Armor: Skin              |    34 |    14 ||    48
Dodge: Dodged            |    39 |    11 ||    50
Block: Buckler           |     2 |     5 ||     7

Table legend: (Time is in decaauts)
 A = Elapsed time spent in this place.
 B = Non-inter-level travel time spent in this place.
 C = Inter-level travel time spent in this place.
 D = Time resting spent in this place.
 E = Time spent auto-exploring this place.
 F = Levels seen in this place.
 G = Mean time per level.
                   A        B        C        D        E       F      G
               +--------+--------+--------+--------+--------+-----+--------+
         Total |   2592 |   2535 |     57 |   1024 |   1086 |   3 |  864.0 |
       Dungeon |   2592 |   2535 |     57 |   1024 |   1086 |   3 |  864.0 |
               +--------+--------+--------+--------+--------+-----+--------+

Top non-repeatable levels by time:
     D:1: 1275 daAuts
     D:2: 707 daAuts
     D:3: 609 daAuts
